AoeStats
← Theminer

Arena

509978602Analyzed
2v2 RM · 4d ago on Sep 28, 2026· 41m 32s· 4 players
Game mode
Random Map
Map size
Medium (4 player)
Population
200
Speed
Normal
Resources
Standard
Victory
Conquest
Starting age
Dark Age
Ending age
Imperial Age
RankedLock teamsTeams togetherTeam positionsShared explorationLock speedFull tech treeHidden civsTurbo modeCheats
Victory
Defeat
🇦🇷 Turks · Argentina
1030
+16
🇦🇷 Bohemians · Argentina
1026
+16
🇨🇱 Portuguese · Chile
1032
-16
🇧🇷 Teutons · Brazil
1031
-16
Limón
9:24 Loom
11:21 Feudal Age
16:54 Castle Age
15:35 Horse Collar
15:42 Double-Bit Axe
19:57 Wheelbarrow
22:42 Imperial Age
20:17 Gold Mining
21:33 Fletching
21:43 Padded Archer Armor
23:07 Murder Holes
33:09 Bloodlines
35:21 Husbandry
38:24 Ballistics
39:28 Conscription
41:51 Arson
42:07 Squires
Theminer
10:27 Feudal Age
12:38 Wheelbarrow
11:51 Loom
15:25 Castle Age
14:43 Double-Bit Axe
14:39 Horse Collar
21:28 Fletching
32:05 Imperial Age
30:37 Heavy Plow
32:16 Chemistry
35:28 Hand Cart
35:38 Town Watch
36:06 Bow Saw
36:28 Padded Archer Armor
40:09 Pikeman
GxNNER_CL
9:42 Feudal Age
9:42 Loom
15:16 Castle Age
18:01 Gold Mining
18:58 Fletching
30:29 Imperial Age
37:21 Cavalier
GQ0000
11:31 Feudal Age
12:52 Loom
15:32 Castle Age
13:29 Double-Bit Axe
13:35 Horse Collar
26:37 Loom
28:44 Gold Mining
33:13 Imperial Age
31:47 Heavy Plow
32:55 Bloodlines
33:17 Scale Barding Armor
33:27 Forging
34:24 Chain Barding Armor
35:41 Fletching
36:28 Iron Casting
36:36 Cavalier
37:26 Elite Skirmisher
38:19 Town Watch
40:52 Chemistry
Connection lost

Rejoining the realm…

Still unreachable

The connection could not be restored.

Session expired

The server has moved on; the page needs a fresh start.